[Event "Titled Tuesday Blitz April 4 Early 2023"]
[White "Duda, Jan-Krzysztof"]
[Black "Cherniaiev, Tykhon"]
[WhiteFideId "1170546"]
[BlackFideId "14182360"]
[WhiteElo "2790"]
[BlackElo "2450"]
[Result "1-0"]
[Round "03"]
[TimeControl "180+2"]
[Date "2023.04.04"]
[WhiteClock "0:00:20"]
[BlackClock "0:00:13"]

1. e4 e5 2. Nf3 Nc6 3. Bc4 Nf6 4. d3 Bc5 5. c3 d6 6. Nbd2 a6 7. Bb3 Ba7 8. Nf1 O-O 9. Ng3 Be6 10. Bc2 d5 11. exd5 Qxd5 12. O-O Rad8 13. Bg5 Bg4 14. Bxf6 Bxf3 15. Qxf3 Qxf3 16. gxf3 gxf6 17. f4 exf4 18. Nh5 Kh8 19. d4 Ne7 20. Rfd1 Nd5 21. Be4 Rg8+ 22. Kf1 Rg5 23. Bxd5 Rxh5 24. Bxb7 Rxh2 25. Bc6 Rd6 26. Bg2 c5 27. dxc5 Rxd1+ 28. Rxd1 Bxc5 29. Rd5 f3 30. Rxc5 fxg2+ 31. Kg1 Rh1+ 32. Kxg2 Rb1 33. b4 Ra1 34. Ra5 Rc1 35. Rxa6 Rxc3 36. a4 Rb3 37. Rb6 Kg7 38. a5 h5 39. a6 h4 40. b5 h3+ 41. Kh2 Rf3 42. a7 Rxf2+ 43. Kxh3 Ra2 44. Ra6 Rxa6 45. bxa6 f5 46. a8=Q f4 47. Qf3 f5 48. a7 Kh7 49. a8=Q Kg7 50. Qad5 Kh7 51. Qf7+ Kh6 52. Q3h5# 1-0


[Site "https://www.chess.com"]

[Event "Titled Tuesday Blitz April 4 Early 2023"]
[White "Bocharov, Dmitry"]
[Black "Hakobyan, Aram"]
[WhiteFideId "4138716"]
[BlackFideId "13306677"]
[WhiteElo "2469"]
[BlackElo "2584"]
[Result "0-1"]
[Round "03"]
[TimeControl "180+2"]
[Date "2023.04.04"]
[WhiteClock "0:00:09"]
[BlackClock "0:00:35"]

1. c4 g6 2. g3 Bg7 3. Bg2 d6 4. Nc3 Nf6 5. d4 O-O 6. Nf3 Bf5 7. Nh4 Bc8 8. O-O a5 9. b3 Nc6 10. Nf3 Bf5 11. d5 Ne4 12. Nxe4 Bxe4 13. dxc6 Bxa1 14. Bh6 Bf6 15. Bxf8 Qxf8 16. cxb7 Bxb7 17. Qd2 c5 18. h4 a4 19. h5 gxh5 20. Nh4 Bxg2 21. Nxg2 axb3 22. axb3 Kh8 23. Qd5 h4 24. gxh4 Rb8 25. Rb1 Qg7 26. Qe4 Rg8 27. Kh2 Be5+ 28. Kh1 Qf6 29. f4 Bc3 30. Rf1 Qg7 31. Qf3 Bf6 32. Kh2 Qg6 33. Rg1 Bxh4 34. Qh3 Bg3+ 35. Kh1 Bxf4 0-1


[Site "https://www.chess.com"]

[Event "Titled Tuesday Blitz April 4 Early 2023"]
[White "Firouzja, Alireza"]
[Black "Riff, Vincent"]
[WhiteFideId "12573981"]
[BlackFideId "617776"]
[WhiteElo "2904"]
[BlackElo "2369"]
[Result "1-0"]
[Round "03"]
[TimeControl "180+2"]
[Date "2023.04.04"]
[WhiteClock "0:01:50"]
[BlackClock "0:00:08"]

1. d4 Nf6 2. c4 e6 3. g3 Bb4+ 4. Nc3 O-O 5. Bg2 d5 6. Nf3 Nbd7 7. O-O c6 8. Qc2 a6 9. a3 Be7 10. e4 b5 11. e5 Ne8 12. c5 a5 13. h4 Ba6 14. b4 Bc8 15. Ng5 Bxg5 16. Bxg5 f6 17. exf6 Nexf6 18. Rae1 axb4 19. axb4 h6 20. Bf4 Re8 21. Re2 Nf8 22. Rfe1 Bd7 23. Bd6 Ra3 24. Bh3 Qa8 25. Re3 Rd8 26. Be5 Ne8 27. Rf3 Ra1 28. Rxa1 Qxa1+ 29. Kg2 Qe1 30. Bg4 Nh7 31. Qg6 Nf8 32. Qf7+ 1-0


[Site "https://www.chess.com"]

[Event "Titled Tuesday Blitz April 4 Early 2023"]
[White "Mitrabha, Guha"]
[Black "Yanchenko, Roman"]
[WhiteFideId "5057000"]
[BlackFideId "4137329"]
[WhiteElo "2507"]
[BlackElo "2491"]
[Result "1-0"]
[Round "03"]
[TimeControl "180+2"]
[Date "2023.04.04"]
[WhiteClock "0:01:25"]
[BlackClock "0:00:04"]

1. Nf3 d5 2. d4 Nf6 3. Bf4 Bf5 4. c4 c6 5. Nc3 Nbd7 6. e3 e6 7. Qb3 Qb6 8. c5 Qxb3 9. axb3 a6 10. b4 Rc8 11. h3 Be7 12. Nd2 O-O 13. Nb3 Bd8 14. Na5 Bxa5 15. bxa5 Rfe8 16. Bh2 e5 17. Kd2 exd4 18. exd4 Nf8 19. Ra4 Ne6 20. Rb4 Re7 21. f3 Rce8 22. g4 Bg6 23. Bd6 Rd7 24. Be2 h6 25. Ra1 Ra8 26. Ra3 Ne8 27. Bg3 Nd8 28. Rab3 Ra7 29. Na4 Re7 30. Nb6 Rc7 31. Bf1 f6 32. h4 Kf7 33. Bh3 Bb1 34. Bxc7 Nxc7 35. Nc8 Ra8 36. Nd6+ Kf8 37. Nxb7 Nb5 38. Nxd8 Rxd8 39. Bf1 Re8 40. Re3 Rxe3 41. Kxe3 Bg6 42. Bxb5 cxb5 43. Rb3 Ke7 44. Rc3 Kd7 45. b4 Bb1 46. h5 Kc6 47. Kf4 Bh7 48. Re3 Kd7 49. Kg3 Bc2 50. f4 Bb1 51. g5 Bf5 52. gxh6 gxh6 53. Kh4 Kc6 54. Re7 1-0


[Site "https://www.chess.com"]

[Event "Titled Tuesday Blitz April 4 Early 2023"]
[White "Levitskiy, Andrey"]
[Black "Alekseenko, Kirill"]
[WhiteFideId "14132885"]
[BlackFideId "4135539"]
[WhiteElo "2341"]
[BlackElo "2683"]
[Result "0-1"]
[Round "03"]
[TimeControl "180+2"]
[Date "2023.04.04"]
[WhiteClock "0:00:05"]
[BlackClock "0:00:37"]

1. e4 e5 2. Nf3 Nc6 3. Bc4 Bc5 4. c3 Nf6 5. d4 exd4 6. b4 Be7 7. e5 Ne4 8. b5 d5 9. exd6 Nxd6 10. bxc6 Nxc4 11. cxb7 Bxb7 12. Qa4+ Qd7 13. Qxc4 O-O-O 14. cxd4 Qg4 15. Nbd2 Qxg2 16. Rg1 Qh3 17. Bb2 Bd6 18. Ne5 f6 19. O-O-O fxe5 20. Rg3 Qd7 21. dxe5 Be7 22. Rb3 Qc6 23. Qxc6 Bxc6 24. Nc4 Rxd1+ 25. Kxd1 Ba4 0-1


[Site "https://www.chess.com"]

[Event "Titled Tuesday Blitz April 4 Early 2023"]
[White "Korobov, Anton"]
[Black "Kowalczyk, Pawel"]
[WhiteFideId "14105730"]
[BlackFideId "1130641"]
[WhiteElo "2638"]
[BlackElo "2324"]
[Result "1-0"]
[Round "03"]
[TimeControl "180+2"]
[Date "2023.04.04"]
[WhiteClock "0:00:30"]
[BlackClock "0:01:06"]

1. d4 Nf6 2. c4 g6 3. Nc3 d5 4. cxd5 Nxd5 5. e4 Nxc3 6. bxc3 Bg7 7. Bc4 O-O 8. Ne2 c5 9. O-O cxd4 10. cxd4 Nc6 11. Be3 a6 12. Rc1 Na5 13. Bd3 b5 14. Qd2 Bb7 15. h4 Nc4 16. Bxc4 bxc4 17. f3 Rc8 18. h5 e6 19. h6 Bh8 20. Rfd1 Qd7 21. Nc3 Rfd8 22. Rb1 Ba8 23. Qf2 Rb8 24. Rxb8 Rxb8 25. Qg3 Rd8 26. e5 f6 27. f4 Qc6 28. d5 exd5 29. Bd4 fxe5 30. fxe5 Qe6 31. Rf1 Rf8 32. Rxf8+ Kxf8 33. Na4 Bc6 34. Nc5 Qf5 35. Qa3 Bb5 36. Ne6+ Kf7 37. Nd8+ Ke8 38. Qd6 Qf4 39. Qe6+ Kxd8 40. Bb6# 1-0


[Site "https://www.chess.com"]

[Event "Titled Tuesday Blitz April 4 Early 2023"]
[White "Van Foreest, Jorden"]
[Black "polandchessplayer"]
[WhiteFideId "1039784"]
[WhiteElo "2633"]
[BlackElo "2701"]
[Result "1-0"]
[Round "03"]
[TimeControl "180+2"]
[Date "2023.04.04"]
[WhiteClock "0:01:24"]
[BlackClock "0:00:05"]

1. d4 Nf6 2. Nc3 d6 3. e4 e5 4. dxe5 dxe5 5. Qxd8+ Kxd8 6. f3 c6 7. a4 Be6 8. h4 Nfd7 9. Nh3 f6 10. Nf2 Kc7 11. Ncd1 a5 12. Ne3 Nb6 13. Bd2 N8d7 14. b3 Bc5 15. h5 Rhd8 16. Rb1 Nf8 17. Nf5 Bxf5 18. Nd3 Rxd3 19. Bxd3 Be6 20. c3 Be7 21. Ke2 Nfd7 22. Be3 Bc5 23. Bd2 Bf7 24. Bc2 Nf8 25. g3 Nfd7 26. f4 Re8 27. Kf3 Bd6 28. Be3 h6 29. Bf2 exf4 30. gxf4 f5 31. e5 Bd5+ 32. Kg3 Nxe5 33. Rhe1 Nbd7 34. c4 Bf7 35. c5 Bf8 36. fxe5 Nxc5 37. Bxf5 Bxh5 38. Kg2 Bf7 39. Bg3 Bd5+ 40. Kh2 Ne6 41. Rf1 Be7 42. Bh3 h5 43. Rfd1 g5 44. Rxd5 g4 45. Rd6 Bxd6 46. exd6+ Kd7 47. Bg2 Ng5 48. b4 Ne4 49. Bxe4 Rxe4 50. bxa5 h4 51. Rxb7+ Kd8 52. Bxh4+ Kc8 53. d7+ Kxb7 54. d8=Q Ka6 55. Qb6# 1-0


[Site "https://www.chess.com"]

[Event "Titled Tuesday Blitz April 4 Early 2023"]
[White "Bashirli, Nail"]
[Black "Movahed, Sina"]
[WhiteFideId "13406809"]
[BlackFideId "42520835"]
[WhiteElo "2322"]
[BlackElo "2225"]
[Result "0-1"]
[Round "03"]
[TimeControl "180+2"]
[Date "2023.04.04"]
[WhiteClock "0:00:04"]
[BlackClock "0:00:18"]

1. e4 c5 2. Nf3 d6 3. Nc3 Nf6 4. d4 cxd4 5. Nxd4 a6 6. Bc4 e6 7. Bb3 Be7 8. Bg5 O-O 9. Qe2 b5 10. O-O-O Qc7 11. f4 b4 12. Na4 Nbd7 13. Rhe1 Nc5 14. Nxc5 dxc5 15. Nf3 Bb7 16. e5 Nd5 17. f5 Rfd8 18. fxe6 fxe6 19. Kb1 a5 20. Bc4 a4 21. Bxe7 Qxe7 22. Bxd5 Bxd5 23. Qe3 c4 24. Rd4 Rdc8 25. Ng5 c3 26. Ne4 cxb2 27. Nd6 Rc6 28. Rxb4 a3 29. Rf1 Bxg2 30. Qxa3 Rxd6 31. exd6 Qxd6 32. Re4 Qxa3 0-1


[Site "https://www.chess.com"]

[Event "Titled Tuesday Blitz April 4 Early 2023"]
[White "Lenderman, Aleksandr"]
[Black "Perez Gormaz, Matias"]
[WhiteFideId "2021285"]
[BlackFideId "3406342"]
[WhiteElo "2607"]
[BlackElo "2362"]
[Result "1-0"]
[Round "03"]
[TimeControl "180+2"]
[Date "2023.04.04"]
[WhiteClock "0:01:34"]
[BlackClock "0:00:06"]

1. Nf3 d5 2. e3 Nf6 3. c4 e6 4. Nc3 a6 5. b3 b6 6. Bb2 Bb7 7. g3 Nbd7 8. cxd5 Nxd5 9. Nxd5 Bxd5 10. Bg2 Nf6 11. O-O Be7 12. Qc2 Be4 13. Qc1 Qd5 14. Ne1 Bxg2 15. Nxg2 c5 16. Nf4 Qd7 17. d4 Rc8 18. Qb1 h5 19. Rd1 Qb7 20. d5 exd5 21. Qf5 h4 22. Nxd5 hxg3 23. fxg3 Rc6 24. Bxf6 Bxf6 25. Qe4+ Kf8 26. Nxf6 1-0


[Site "https://www.chess.com"]

[Event "Titled Tuesday Blitz April 4 Early 2023"]
[White "Matinian, Nikita"]
[Black "Rasulov, Vugar"]
[WhiteFideId "24129100"]
[BlackFideId "13402390"]
[WhiteElo "2422"]
[BlackElo "2509"]
[Result "0-1"]
[Round "03"]
[TimeControl "180+2"]
[Date "2023.04.04"]
[WhiteClock "0:00:02"]
[BlackClock "0:00:45"]

1. e4 c5 2. Nf3 Nc6 3. Bb5 d6 4. O-O Bd7 5. Re1 a6 6. Bf1 Bg4 7. c3 e5 8. d3 Nf6 9. Nbd2 Be7 10. h3 Bh5 11. g4 Bg6 12. Bg2 O-O 13. Nc4 b5 14. Ne3 Re8 15. Nf5 Bf8 16. a4 b4 17. Bg5 Rb8 18. a5 Rb5 19. Nd2 bxc3 20. bxc3 Nxa5 21. Bxf6 gxf6 22. Ra4 Qb6 23. Qa1 Ra8 24. Ne3 Bh6 25. Nd5 Qd8 26. Nc4 Nxc4 27. dxc4 Rbb8 28. Rxa6 Kg7 29. Qa4 Rxa6 30. Qxa6 Ra8 31. Qb7 Rb8 32. Qc6 Bg5 33. Ra1 Rb2 34. Ra8 Rb8 35. Ra2 h5 36. gxh5 Bxh5 37. Ra7 Bg6 38. Bf3 Qh8 39. Kg2 Qh4 40. Bg4 Bxe4+ 41. Kh2 Qxf2# 0-1


[Site "https://www.chess.com"]

[Event "Titled Tuesday Blitz April 4 Early 2023"]
[White "Skvortsov, Andrei"]
[Black "Gurel, Ediz"]
[WhiteFideId "24108600"]
[BlackFideId "44507356"]
[WhiteElo "2259"]
[BlackElo "2352"]
[Result "1-0"]
[Round "03"]
[TimeControl "180+2"]
[Date "2023.04.04"]
[WhiteClock "0:00:56"]
[BlackClock "0:00:33"]

1. e4 c5 2. d4 cxd4 3. Qxd4 Nc6 4. Qd3 Nf6 5. Nc3 e6 6. Bf4 Bb4 7. Ne2 O-O 8. O-O-O d5 9. exd5 exd5 10. Nxd5 Nxd5 11. Qxd5 Qe7 12. Bd6 Bxd6 13. Qxd6 Qg5+ 14. Qf4 Qa5 15. Nc3 Be6 16. a3 Rfd8 17. Bc4 Bxc4 18. Qxc4 Qg5+ 19. Kb1 Qxg2 20. Rdg1 Qxf2 21. Rf1 Qd4 22. Qxf7+ Kh8 23. Qxb7 Na5 24. Qe4 Qb6 25. Rd1 Re8 26. Qd4 Qh6 27. Qd5 Nc6 28. Rhe1 Red8 29. Qxd8+ 1-0


[Site "https://www.chess.com"]

[Event "Titled Tuesday Blitz April 4 Early 2023"]
[White "Rakhmatullaev, Almas"]
[Black "Ezat, Mohamed"]
[WhiteFideId "14205793"]
[BlackFideId "10600906"]
[WhiteElo "2221"]
[BlackElo "2386"]
[Result "1-0"]
[Round "03"]
[TimeControl "180+2"]
[Date "2023.04.04"]
[WhiteClock "0:00:13"]
[BlackClock "0:00:14"]

1. e4 c6 2. Nf3 d5 3. d3 dxe4 4. dxe4 Qxd1+ 5. Kxd1 Bg4 6. Be2 Nd7 7. Nfd2 Bxe2+ 8. Kxe2 e6 9. b3 O-O-O 10. Bb2 Ngf6 11. f3 Be7 12. a4 Nh5 13. g3 f5 14. f4 Bf6 15. Bxf6 Nhxf6 16. e5 Nd5 17. Nc4 Rdf8 18. Nd6+ Kc7 19. c4 Nb4 20. Nd2 g5 21. Nf3 gxf4 22. gxf4 h6 23. Rhg1 Rhg8 24. Nd4 Nc5 25. Rg3 h5 26. Rag1 Rg4 27. Kf3 Nbd3 28. Ne2 Nxb3 29. h3 Rxg3+ 30. Rxg3 Nbc5 31. Rg7+ Kb6 32. Nd4 a5 33. Rg6 h4 34. Nxe6 Nxe6 35. Rxe6 Nc5 36. Rf6 Rg8 37. Nxf5 Nxa4 38. e6 Nc5 39. e7 Nd7 40. Re6 Re8 41. Nd6 Nc5 42. Re3 Rxe7 43. Rxe7 a4 44. f5 a3 45. Re3 a2 46. Ra3 Kc7 47. Ne4 Nd7 48. Rxa2 Ne5+ 49. Kf4 Nxc4 50. f6 Kd7 51. Rg2 Ke6 52. Rg7 Ne5 53. Re7+ Kd5 54. Rxe5+ Kd4 55. f7 c5 56. f8=Q c4 57. Qc5+ Kd3 58. Qe3+ Kc2 59. Qd2+ Kb1 60. Nc3+ Ka1 61. Re1# 1-0


[Site "https://www.chess.com"]

[Event "Titled Tuesday Blitz April 4 Early 2023"]
[White "Jessel, Stephen"]
[Black "Indjic, Aleksandar"]
[WhiteFideId "628859"]
[BlackFideId "911925"]
[WhiteElo "2268"]
[BlackElo "2614"]
[Result "0-1"]
[Round "03"]
[TimeControl "180+2"]
[Date "2023.04.04"]
[WhiteClock "0:00:01"]
[BlackClock "0:01:02"]

1. g3 e5 2. Bg2 Nc6 3. c4 Bc5 4. e3 a6 5. Ne2 Ba7 6. O-O d6 7. b3 h5 8. d4 h4 9. Bb2 Bd7 10. Nd2 hxg3 11. fxg3 Qg5 12. Rf3 Qh5 13. Nf1 Bg4 14. Rf2 Nf6 15. Qd3 O-O-O 16. c5 e4 17. Qc4 d5 18. Qc2 Ne7 19. h3 Bf3 20. Nf4 Qh6 21. Bxf3 exf3 22. Rxf3 g5 23. Ng2 Ne4 24. g4 f5 25. Nd2 fxg4 26. Rf7 Qxh3 27. Nxe4 dxe4 28. Qxe4 Nd5 29. Qe6+ Kb8 30. c6 Qh2+ 31. Kf2 g3+ 0-1


[Site "https://www.chess.com"]

[Event "Titled Tuesday Blitz April 4 Early 2023"]
[White "Thomforde-Toates, Noah"]
[Black "Ashraf, Artin"]
[WhiteFideId "30951992"]
[BlackFideId "22514805"]
[WhiteElo "2667"]
[BlackElo "2188"]
[Result "0-1"]
[Round "03"]
[TimeControl "180+2"]
[Date "2023.04.04"]
[WhiteClock "0:00:14"]
[BlackClock "0:00:08"]

1. e4 c5 2. Nf3 d6 3. Nc3 a6 4. a4 Nc6 5. d4 cxd4 6. Nxd4 g6 7. Be3 Nf6 8. f3 Bg7 9. Qd2 Bd7 10. Bc4 Rc8 11. Ba2 O-O 12. O-O Ne5 13. Qe2 Qa5 14. Nd5 Nxd5 15. Bxd5 e6 16. Bxb7 Rc4 17. f4 Ng4 18. Qxg4 Bxd4 19. Bxd4 Rxd4 20. Qe2 Rb8 21. Bxa6 Rd2 22. Qe3 Rxc2 23. Bd3 Rcxb2 24. Rfb1 Bxa4 25. Rxb2 Rxb2 26. Qd4 Qd2 27. Kf1 Qxg2+ 28. Ke1 Qd2+ 29. Kf1 Qxh2 30. Rxa4 Qh1+ 31. Qg1 Qf3+ 32. Ke1 Qxd3 33. Ra8+ Kg7 0-1


[Site "https://www.chess.com"]

[Event "Titled Tuesday Blitz April 4 Early 2023"]
[White "Piesik, Piotr"]
[Black "Zhigalko, Sergei"]
[WhiteFideId "1136194"]
[BlackFideId "13502956"]
[WhiteElo "2299"]
[BlackElo "2626"]
[Result "1/2-1/2"]
[Round "03"]
[TimeControl "180+2"]
[Date "2023.04.04"]
[WhiteClock "0:00:12"]
[BlackClock "0:00:05"]

1. Nf3 d5 2. g3 c6 3. Bg2 Bg4 4. O-O Nd7 5. d3 e6 6. Nbd2 Bd6 7. e4 Ne7 8. h3 Bh5 9. Qe1 O-O 10. Nh4 Re8 11. f4 f6 12. Kh2 Qc7 13. Nb3 a5 14. a4 Bf7 15. Bd2 b6 16. Nd4 Ng6 17. Nxg6 hxg6 18. exd5 exd5 19. Qf2 Nc5 20. b3 Ne6 21. Bc3 Nxd4 22. Bxd4 c5 23. Bc3 Re7 24. Rfe1 Rae8 25. Rxe7 Rxe7 26. Re1 Kf8 27. Bf3 Qd7 28. Rxe7 Qxe7 29. Qg2 Qe6 30. Bd2 Bc7 31. Qe2 Qd6 32. Kg2 Be8 33. h4 Bd7 34. Bg4 Bc6 35. Bf3 Be8 36. Bg4 Bf7 37. Bf3 Be6 38. Bg4 Bf7 39. Bf3 Qe6 40. Qxe6 Bxe6 41. c4 Bf5 42. Be2 Ke7 43. g4 Bd7 44. Bf3 dxc4 45. dxc4 f5 46. g5 Be6 47. Kf2 Bf7 48. Ke3 Be8 49. Bc3 Kf8 50. Bd5 Bf7 51. Bxf7 Kxf7 52. Bb2 Bd6 53. Bc3 Bc7 54. Bb2 Bd6 55. Bc3 Bc7 1/2-1/2


[Site "https://www.chess.com"]

[Event "Titled Tuesday Blitz April 4 Early 2023"]
[White "Durarbayli, Vasif"]
[Black "Gold_Ocean"]
[WhiteFideId "13402935"]
[WhiteElo "2551"]
[BlackElo "2657"]
[Result "1-0"]
[Round "03"]
[TimeControl "180+2"]
[Date "2023.04.04"]
[WhiteClock "0:00:18"]
[BlackClock "0:00:05"]

1. e4 c5 2. Nf3 d6 3. d4 cxd4 4. Nxd4 Nf6 5. Nc3 a6 6. Be2 e5 7. Nb3 Be7 8. Be3 O-O 9. g4 Be6 10. g5 Ne8 11. h4 Nc6 12. Qd2 b5 13. O-O-O Rc8 14. f4 exf4 15. Bxf4 Na5 16. Nd4 Qb6 17. Nf5 Bxf5 18. exf5 Nc4 19. Bxc4 Rxc4 20. Nd5 Qb7 21. Rhe1 Bd8 22. f6 g6 23. h5 Nc7 24. Ne7+ Bxe7 25. fxe7 Re8 26. hxg6 hxg6 27. Bxd6 Ne6 28. Qh2 Ng7 29. Be5 Nh5 30. Bf6 Qc6 31. Rd8 a5 32. Qb8 Rxc2+ 33. Kb1 Nxf6 34. gxf6 Rxb2+ 35. Kxb2 Qg2+ 36. Ka1 Qh3 37. Rxe8+ Kh7 38. Rh8# 1-0


[Site "https://www.chess.com"]

[Event "Titled Tuesday Blitz April 4 Early 2023"]
[White "Sokolovsky, Yahli"]
[Black "Zakhartsov, Vladimir"]
[WhiteFideId "2820242"]
[BlackFideId "4145097"]
[WhiteElo "2316"]
[BlackElo "2497"]
[Result "0-1"]
[Round "03"]
[TimeControl "180+2"]
[Date "2023.04.04"]
[WhiteClock "0:00:03"]
[BlackClock "0:00:07"]

1. b3 d5 2. Bb2 c5 3. e3 a6 4. Nf3 Nc6 5. d4 Bg4 6. a3 cxd4 7. exd4 Nf6 8. Be2 e6 9. O-O Bd6 10. h3 Bh5 11. Ne5 Bxe2 12. Qxe2 Rc8 13. f4 O-O 14. Nd2 b5 15. Qd3 Qb6 16. Kh2 Rc7 17. Rae1 Rfc8 18. Re2 Ne7 19. c3 a5 20. g4 g6 21. Qe3 Qb7 22. Kh1 a4 23. f5 exf5 24. gxf5 Ne4 25. Nxe4 dxe4 26. Nxf7 Nxf5 27. Rxf5 Rxf7 28. Rxf7 Qxf7 29. Rf2 Qd5 30. bxa4 bxa4 31. Kg1 Be7 32. Re2 Rb8 33. Qxe4 Qg5+ 34. Rg2 Qf6 35. Rf2 Qg5+ 36. Rg2 Qf6 37. Qd5+ Kg7 38. Rf2 Qg5+ 39. Qxg5 Bxg5 40. Re2 Kf7 41. c4 Bf6 42. Kg2 Rb3 43. Rc2 Ke8 44. c5 Kd7 45. c6+ Kc8 46. Bc1 Bxd4 47. Bf4 Rc3 48. Rxc3 Bxc3 49. Bc1 Kc7 50. Kf3 Kxc6 51. Ke4 Kc5 52. Kd3 Be5 53. Be3+ Kd5 54. Bc1 Bd6 55. Bb2 g5 56. Bc1 Be7 57. Kc3 h5 58. Be3 g4 59. hxg4 hxg4 60. Kb2 Kc4 61. Bf4 Kd3 62. Be5 Bc5 63. Bg3 Bd4+ 64. Ka2 Ke2 65. Kb1 Kf3 66. Bd6 Be3 67. Bh2 Bf4 68. Bg1 g3 69. Kc2 Be3 0-1


[Site "https://www.chess.com"]

[Event "Titled Tuesday Blitz April 4 Early 2023"]
[White "Hayrapetyan, Artavazd R."]
[Black "Shuvalova, Polina"]
[WhiteFideId "13304240"]
[BlackFideId "24171760"]
[WhiteElo "2417"]
[BlackElo "2281"]
[Result "0-1"]
[Round "03"]
[TimeControl "180+2"]
[Date "2023.04.04"]
[WhiteClock "0:00:05"]
[BlackClock "0:00:05"]

1. d4 Nf6 2. Bf4 d5 3. e3 c5 4. Nd2 Nc6 5. c3 e6 6. Ngf3 Qb6 7. Qb3 Be7 8. Be2 O-O 9. h3 Bd7 10. O-O Rfc8 11. Rfd1 h6 12. Ne5 Be8 13. Bd3 c4 14. Qxb6 axb6 15. Bc2 b5 16. a3 Nxe5 17. Bxe5 Nd7 18. Bg3 f5 19. f3 g5 20. e4 f4 21. Bf2 Bg6 22. Rac1 Nb6 23. exd5 Bxc2 24. Rxc2 exd5 25. Re1 Kf7 26. Nf1 Bd6 27. Nh2 Re8 28. Ng4 Rxe1+ 29. Bxe1 h5 30. Nh2 Re8 31. Kf1 Na4 32. h4 Kg6 33. hxg5 Kxg5 34. Bd2 Kf5 35. Bc1 Re6 36. Kf2 Be7 37. g3 fxg3+ 38. Kxg3 Bd6+ 39. f4 Rg6+ 40. Kh3 Rg1 41. Nf3 Rf1 42. Ne5 Rh1+ 43. Kg2 Rd1 44. Kf3 Rf1+ 45. Kg2 Rd1 46. Be3 h4 47. Kh3 Rh1+ 48. Kg2 Rb1 49. Bc1 Ke4 50. Re2+ Kf5 51. Rc2 Ke4 52. Kf2 Kf5 53. Kf3 Ra1 54. Kg2 Ra2 55. Kh3 Bxa3 56. Nf7 Bxb2 57. Nh6+ Kg6 58. f5+ Kf6 59. Kxh4 Bxc1 60. Rxa2 Bxh6 61. Kg4 Nxc3 62. Rh2 Bg5 63. Rh8 Ne4 64. Rf8+ Kg7 65. Rb8 c3 66. Rxb7+ Kf6 67. Rb6+ Kf7 68. Rb7+ Kf8 69. Rxb5 c2 70. Rb8+ Ke7 71. Rb7+ Kd6 72. Rb6+ Kc7 0-1


[Site "https://www.chess.com"]

[Event "Titled Tuesday Blitz April 4 Early 2023"]
[White "Rozman, Levy"]
[Black "Samsonkin, Artiom"]
[WhiteFideId "2039877"]
[BlackFideId "13503111"]
[WhiteElo "2376"]
[BlackElo "2524"]
[Result "1-0"]
[Round "03"]
[TimeControl "180+2"]
[Date "2023.04.04"]
[WhiteClock "0:01:21"]
[BlackClock "0:00:05"]

1. e4 e6 2. d4 d5 3. e5 c5 4. c3 Nc6 5. Nf3 Qb6 6. Bd3 Bd7 7. dxc5 Bxc5 8. O-O a5 9. Nbd2 a4 10. b4 axb3 11. Nxb3 Ba3 12. Bxa3 Rxa3 13. Qc1 Ra4 14. Qg5 Nge7 15. Qxg7 Rg8 16. Qxh7 Rag4 17. g3 Nf5 18. Bxf5 exf5 19. Nbd4 Ne7 20. Rab1 Qc7 21. Rfe1 f4 22. Qd3 fxg3 23. hxg3 Be6 24. Nb5 Qc5 25. Nd6+ Kf8 26. Nd4 Nc6 27. Nxe6+ fxe6 28. Qf3+ Kg7 29. Qxg4+ Kh8 30. Qh5+ Kg7 31. Qf7+ Kh8 32. Kg2 1-0


[Site "https://www.chess.com"]

[Event "Titled Tuesday Blitz April 4 Early 2023"]
[White "Corrales Jimenez, Fidel"]
[Black "Domingo Nunez, Ruben"]
[WhiteFideId "3506690"]
[BlackFideId "22245570"]
[WhiteElo "2541"]
[BlackElo "2404"]
[Result "0-1"]
[Round "03"]
[TimeControl "180+2"]
[Date "2023.04.04"]
[WhiteClock "0:01:02"]
[BlackClock "0:00:13"]

1. e4 g6 2. d4 Bg7 3. Nc3 c6 4. h4 d5 5. exd5 cxd5 6. h5 Nc6 7. h6 Bxd4 8. Nf3 Bxc3+ 9. bxc3 Nf6 10. Nd4 e5 11. Nxc6 bxc6 12. Be2 Qa5 13. O-O O-O 14. c4 d4 15. Bf3 Ba6 16. Bg5 Qd8 17. Re1 Re8 18. Bxc6 Re6 19. Bd5 Nxd5 20. Bxd8 Nc3 21. Qf3 Rxd8 22. Rxe5 Rxe5 23. Qf6 Ne2+ 24. Kf1 Ng3+ 25. fxg3 Rf5+ 26. Qxf5 gxf5 27. Kf2 Bxc4 28. Rb1 Bxa2 29. Ra1 Be6 30. Rxa7 Rc8 31. Kf3 Rxc2 32. Ra4 Rc4 33. Ra6 d3 34. Rd6 Rc8 35. Kf4 Kf8 36. Rxd3 Ke7 37. Ra3 Kf6 38. Ra1 Rc4+ 39. Kf3 Kg6 40. Rh1 Rg4 41. Rh2 Bd5+ 42. Kf2 Rg5 43. Rh4 Rh5 44. Rd4 Be6 45. Kg1 Rxh6 46. Rf4 Rh5 47. Rb4 Rg5 48. Kf2 Rg4 49. Rb8 Rc4 50. Rg8+ Kf6 51. Ra8 Kg7 52. Ra3 Rc2+ 53. Kf3 Rb2 54. Kf4 Rb4+ 55. Kf3 Rb3+ 56. Rxb3 Bxb3 57. Kf4 Kf6 58. g4 fxg4 59. Kxg4 Bd5 60. g3 Be6+ 61. Kf4 Kg6 62. Ke5 Kg5 63. Ke4 Kg4 64. Ke5 h5 65. Kf6 Kxg3 66. Kg5 h4 67. Kf6 h3 68. Kg5 h2 69. Kf6 h1=Q 70. Ke7 Qh4+ 71. Kf8 f5 72. Ke8 Qh7 73. Kf8 Qf7# 0-1


[Site "https://www.chess.com"]

[Event "Titled Tuesday Blitz April 4 Early 2023"]
[White "Darini, Pouria"]
[Black "Moroni, Luca Jr"]
[WhiteFideId "12502200"]
[BlackFideId "865834"]
[WhiteElo "2482"]
[BlackElo "2569"]
[Result "1-0"]
[Round "03"]
[TimeControl "180+2"]
[Date "2023.04.04"]
[WhiteClock "0:00:10"]
[BlackClock "0:00:04"]

1. e4 g6 2. d4 Bg7 3. Nc3 a6 4. h4 h6 5. h5 g5 6. f4 gxf4 7. Bxf4 b5 8. e5 Bb7 9. Qg4 Bf8 10. O-O-O b4 11. Na4 e6 12. Nf3 Bc6 13. Nc5 Ne7 14. Bd3 Rg8 15. Qh3 Nd5 16. Bd2 Bxc5 17. dxc5 Qe7 18. Bxh6 Qxc5 19. Bg5 b3 20. axb3 Nb4 21. h6 Nxd3+ 22. Rxd3 Be4 23. Rc3 Qa5 24. Bf6 Bh7 25. Ng5 Rxg5 26. Bxg5 Qxe5 27. Qg4 Nc6 28. Rd1 a5 29. Bh4 Nb4 30. Kb1 d5 31. Bg3 Qf6 32. Rxc7 Qxh6 33. Bd6 Ra6 34. Bxb4 axb4 35. Qxb4 Qg5 36. Qb8+ Qd8 37. Rc8 Bxc2+ 38. Kc1 Ra1+ 39. Kxc2 1-0


[Site "https://www.chess.com"]

[Event "Titled Tuesday Blitz April 4 Early 2023"]
[White "Kovalev, Vladislav"]
[Black "Kozak, Antoni"]
[WhiteFideId "13504398"]
[BlackFideId "21832030"]
[WhiteElo "2555"]
[BlackElo "2470"]
[Result "0-1"]
[Round "03"]
[TimeControl "180+2"]
[Date "2023.04.04"]
[WhiteClock "0:00:01"]
[BlackClock "0:01:04"]

1. e4 Nc6 2. d4 d5 3. Nc3 dxe4 4. d5 Ne5 5. Qd4 Ng6 6. Be3 Nf6 7. O-O-O e5 8. Qc4 Bd6 9. h3 a6 10. g4 b5 11. Qb3 h6 12. Nge2 b4 13. Na4 Bd7 14. Ng3 a5 15. Nc5 a4 16. Qxb4 O-O 17. Qc3 Nf4 18. Ngxe4 N6xd5 19. Qd2 Bc6 20. Rg1 Qb8 21. Bc4 Nb6 22. Bf1 Rd8 23. Nxd6 Rxd6 24. Qe1 Bf3 25. Rxd6 cxd6 26. Bxf4 exf4 27. Qc3 Bd5 28. Na6 Qd8 29. Nb4 Rc8 30. Qd4 Be6 31. Qxf4 Nc4 32. Bxc4 Rxc4 33. Qd2 a3 34. b3 Qf6 35. Kd1 Rxb4 36. Qxb4 Qa1+ 37. Kd2 Qxg1 38. Qd4 g6 0-1


[Site "https://www.chess.com"]

[Event "Titled Tuesday Blitz April 4 Early 2023"]
[White "Hamitevici, Vladimir"]
[Black "Bachmann, Axel"]
[WhiteFideId "13902393"]
[BlackFideId "3700488"]
[WhiteElo "2401"]
[BlackElo "2605"]
[Result "0-1"]
[Round "03"]
[TimeControl "180+2"]
[Date "2023.04.04"]
[WhiteClock "0:00:15"]
[BlackClock "0:01:07"]

1. b3 d5 2. Bb2 Bg4 3. g3 c6 4. Bg2 Nd7 5. h3 Bh5 6. f4 e5 7. g4 Bg6 8. f5 Bxf5 9. gxf5 Qh4+ 10. Kf1 Qf4+ 11. Ke1 Be7 12. Nf3 e4 13. e3 Qg3+ 14. Kf1 exf3 15. Qxf3 Qxf3+ 16. Bxf3 Bf6 17. Bxf6 Ndxf6 18. Rg1 g6 19. Nc3 Ne7 20. e4 dxe4 21. Nxe4 Nxe4 22. Bxe4 gxf5 23. Bd3 Rd8 24. Re1 Kf8 25. Rg2 Rd5 26. a4 Rg8 27. Rf2 Rg5 28. Bc4 Rd6 29. d3 Ng6 30. Re3 f4 31. Re4 b5 32. axb5 cxb5 33. h4 Rh5 0-1


[Site "https://www.chess.com"]